 Dungeon Crawl Stone Soup version 0.23.1 (webtiles) character file.

Game seed: 0

7823 FunkyPutin the Basher (level 11, -4/67 HPs)
             Began as a Gargoyle Fighter on Mar 7, 2019.
             Was an Elder of the Shining One.
             Killed by the air
             ... invoked by Gastronok
              (22 damage)
             ... on level 2 of the Lair of Beasts.
             The game lasted 00:29:17 (9398 turns).

FunkyPutin the Basher (Gargoyle Fighter)            Turns: 9398, Time: 00:29:17

Health: -4/67      AC: 27    Str: 24    XL:     11   Next: 21%
Magic:  11/11      EV:  6    Int:  8    God:    the Shining One [****..]
Gold:   640        SH: 11    Dex:  9    Spells: 10/10 levels left

rFire    . . .     SeeInvis +   A - +2 flail
rCold    + . .     Gourm    .   c - +0 shield
rNeg     + + +     Faith    +   E - +0 plate armour {rC+}
rPois    ∞         Spirit   .   J - +0 helmet
rElec    +         Reflect  .   (no cloak)
rCorr    .         Harm     .   j - +2 pair of gloves
MR       .....                  M - +1 pair of boots
Stlth    ..........             k - amulet of faith
HPRegen  0.21/turn              h - +1 ring of evasion
MPRegen  0.12/turn              q - ring of see invisible

@: glowing
A: negative energy resistance 1, electricity resistance, unbreathing,
petrification resistance, rot immunity, AC +8
a: Divine Shield, Cleansing Flame, Renounce Religion


You were on level 2 of the Lair of Beasts.
You worshipped the Shining One.
The Shining One was greatly pleased with you.
You were not hungry.

You visited 2 branches of the dungeon, and saw 11 of its levels.

You collected 640 gold pieces.

Inventory:

Hand Weapons
 x - a +0 flail of holy wrath
 A - a +2 flail (weapon)
Armour
 c - a +0 shield (worn)
 j - a +2 pair of gloves (worn)
 E - a +0 plate armour of cold resistance (worn)
 G - the +1 leather armour of Hedonism {rN+}
   (You found it on level 8 of the Dungeon)

   It protects you from negative energy.
 J - a +0 helmet (worn)
 M - a +1 pair of boots (worn)
Jewellery
 g - an uncursed ring of positive energy
 h - a +1 ring of evasion (left hand)
 k - an amulet of faith (around neck)
 q - a ring of see invisible (right hand)
 C - an uncursed ring of wizardry
 K - an uncursed ring of flight
 N - an uncursed amulet of rage {unknown}
Wands
 d - a wand of digging (11)
 r - a wand of acid (6)
 s - a wand of flame (14)
Scrolls
 i - 8 scrolls of remove curse
 l - 6 scrolls of teleportation
 o - 2 scrolls of amnesia
 t - a scroll of magic mapping
 w - 3 scrolls of fear
 y - a scroll of fog
 F - a scroll of identify
Potions
 e - a potion of brilliance
 n - a potion of resistance
 p - 4 potions of curing
 v - 3 potions of mutation
 z - 2 potions of cancellation
 B - a potion of agility
 H - 2 potions of haste
 I - a potion of magic
Comestibles
 f - 22 rations


   Skills:
 + Level 7.1 Fighting
 * Level 13.1 Maces & Flails
 + Level 6.2 Armour
 + Level 8.7 Shields
 + Level 0.3 Invocations


You had 10 spell levels left.
You didn't know any spells.
Your spell library contained the following spells:

 Spells                   Type           Power        Failure   Level  Hunger
 Freeze                   Ice            #...         100%        1    ##.....
 Throw Frost              Conj/Ice       #.....       100%        2    ###....
 Ozocubu's Armour         Chrm/Ice       #.......     100%        3    ####...
 Cause Fear               Hex            #.........   100%        4    #####..
 Summon Ice Beast         Ice/Summ       #.......     100%        4    #####..
 Throw Icicle             Conj/Ice       #.......     100%        4    #####..
 Silence                  Hex/Air        #.........   100%        5    ######.
 Yara's Violent Unravell  Hex/Tmut       #.........   100%        5    ######.
 Deflect Missiles         Chrm/Air       #.........   100%        6    #######
 Discord                  Hex            #.........   100%        8    #######


Dungeon Overview and Level Annotations

Branches:
Dungeon (9/15)             Temple (0/1) D:7            Lair (2/6) D:8
 Spider (0/4) Lair:2          Orc (0/2) D:9
  Swamp: Lair:2-4    Shoals: Lair:2-4

Altars:
Ashenzari
Cheibriados
Fedhas
Gozag
Hepliaklqana
Kikubaaqudgha
Makhleb
Ru
Sif Muna
Wu Jian
The Shining One

Shops:
D:8 :

Annotations:
Lair:2 Gastronok


Innate Abilities, Weirdness & Mutations

You are resistant to torment.
Your stone body is resilient. (AC +8)
You are immune to poison.
You resist negative energy. (rN+)
You are resistant to electric shocks. (rElec)
You can survive without breathing.
You are immune to petrification.
You are immune to rotting.


Message History

The yak barely misses you. You block the yak's attack.
The yak barely misses you.
You hit the yak but do no damage.
The yak is severely wounded.
The yak gores you but does no damage. The yak gores you. The yak gores you!
* * * LOW HITPOINT WARNING * * *
The yak gores you.
* * * LOW HITPOINT WARNING * * *
The yak gores you but does no damage.
As you read the scroll of fear, it crumbles to dust.
You assume a fearsome visage.
Gastronok resists with almost no effort.
The yak looks frightened! x5
Gastronok's eyestalks quiver as he mumbles some strange words.
Gastronok puts on a burst of speed!
There is a stone staircase leading up here.
You can't go down here!
Gastronok waves his eye-stalks in wide circles.
The air twists around and strikes you!
You die...

.....#####..........#
...#########.......Y#
...#.#.#..##........# ......
.#.^#^.#....##......## #....≈
.#^.....##...........# .....♣
...#..#.#..#.........#######.....
..##.^°.#^###.......#.##.#P......
####^....# ##.........†(........
.^≈..≈≈. #..@†††........[....
##.≈≈≈≈≈..##........w......$...
#.≈..s≈.###...................
#.+.>.+.^#..........†......... #.
...####............[.......
#.....................
.......................
.....Y....P#..#.......w
..........#######......


You could see Gastronok and 2 yaks.

Vanquished Creatures
  A hydra (Lair:1)
  Pikel (D:9)
  A black mamba (Lair:2)
  A spiny frog (Lair:2)
  A komodo dragon (Lair:1)
  3 hippogriffs
  A yak (Lair:2)
  Grum (D:9)
  5 water moccasins
  A porcupine (Lair:1)
  A swamp drake (D:9)
  5 orc warriors
  A sky beast (D:6)
  4 ice beasts
  2 slaves (D:8)
  3 ogres
  6 wolves
  3 phantoms
  3 centaurs
  A crocodile (Lair:2)
  4 bullfrogs
  2 scorpions
  3 killer bees (D:7)
  7 wights
  3 crimson imps
  A bullfrog zombie (D:9)
  3 hounds
  A jelly (D:9)
  8 orc priests
  A bullfrog skeleton (D:5)
  A centaur skeleton (D:7)
  6 iguanas
  7 orc wizards
  5 worker ants
  A killer bee zombie (D:9)
  2 hound skeletons
  6 gnolls (D:6)
  13 adders
  A shadow imp (D:4)
  3 oozes
  An adder skeleton (D:8)
  6 worms
  2 leopard geckos
  44 orcs
  3 giant cockroaches
  5 hobgoblins
  3 kobolds
  5 bats
  5 frilled lizards
  4 goblins
  A jackal skeleton (D:4)
  A leopard gecko skeleton (D:8)
  A quokka skeleton (D:7)
  5 rats
209 creatures vanquished.

Vanquished Creatures (others)
  An orc (D:9)
1 creature vanquished.

Grand Total: 210 creatures vanquished

Notes
Turn   | Place    | Note
-------+----------+-------------------------------------------
     0 | D:1      | FunkyPutin the Gargoyle Fighter began the quest for the
                  | Orb.
     0 | D:1      | Reached XP level 1. HP: 14/14 MP: 1/1
   353 | D:1      | Reached XP level 2. HP: 19/19 MP: 2/2
   870 | D:2      | Found an ancient bone altar of Kikubaaqudgha.
   882 | D:2      | Reached XP level 3. HP: 20/23 MP: 3/3
   896 | D:2      | Reached skill level 3 in Maces & Flails
  1014 | D:2      | Reached XP level 4. HP: 28/29 MP: 4/4
  1781 | D:3      | Found a burning altar of Makhleb.
  2361 | D:3      | Reached skill level 4 in Maces & Flails
  2361 | D:3      | Reached XP level 5. HP: 33/33 MP: 5/5
  2520 | D:4      | Reached XP level 6. HP: 9/38 MP: 6/6
  2844 | D:4      | Reached skill level 5 in Maces & Flails
  2924 | D:4      | Found a deep blue altar of Sif Muna.
  2929 | D:4      | Found a glowing golden altar of the Shining One.
  2929 | D:4      | Noticed a phantom
  2941 | D:4      | Killed a phantom
  2946 | D:4      | Became a worshipper of the Shining One
  3030 | D:4      | Found a hazy altar of Hepliaklqana.
  3281 | D:5      | Entered Level 5 of the Dungeon
  3510 | D:5      | Reached XP level 7. HP: 41/43 MP: 7/7
  3554 | D:5      | Reached skill level 6 in Maces & Flails
  3697 | D:5      | Found a snail-covered altar of Cheibriados.
  4089 | D:5      | Reached skill level 5 in Shields
  4210 | D:6      | Reached skill level 7 in Maces & Flails
  4220 | D:6      | Reached * piety under the Shining One
  4259 | D:6      | Reached XP level 8. HP: 48/48 MP: 8/8
  4435 | D:6      | Found a blossoming altar of Fedhas.
  4558 | D:6      | Reached skill level 8 in Maces & Flails
  4845 | D:7      | Reached skill level 5 in Fighting
  5392 | D:7      | Reached skill level 9 in Maces & Flails
  5395 | D:7      | Reached XP level 9. HP: 50/54 MP: 9/9
  5461 | D:7      | Found a sacrificial altar of Ru.
  5523 | D:7      | Found a staircase to the Ecumenical Temple.
  5960 | D:7      | Reached ** piety under the Shining One
  5996 | D:7      | Found a burning altar of Makhleb.
  5996 | D:7      | Noticed a balrug
  6163 | D:8      | Reached skill level 10 in Maces & Flails
  6176 | D:8      | Found a staircase to the Lair.
  6245 | D:8      | Got a jewelled leather armour
  6256 | D:8      | Identified the +1 leather armour of Hedonism {rN+} (You
                  | found it on level 8 of the Dungeon)
  6306 | D:8      | Found Etuth's Book Shoppe.
  6337 | D:8      | Reached skill level 5 in Armour
  6705 | D:9      | Reached *** piety under the Shining One
  6902 | D:8      | Reached skill level 11 in Maces & Flails
  7089 | D:9      | Noticed Pikel
  7093 | D:9      | Reached XP level 10. HP: 60/60 MP: 10/10
  7387 | D:9      | Killed Pikel
  7571 | D:9      | Noticed Grum
  7590 | D:9      | Killed Grum
  7590 | D:9      | Reached skill level 12 in Maces & Flails
  7653 | D:9      | Found an opulent altar of Gozag.
  7653 | D:9      | Found an ornate altar of the Wu Jian Council.
  7701 | D:9      | Found a shattered altar of Ashenzari.
  7938 | D:9      | Found a staircase to the Orcish Mines.
  8281 | Lair:1   | Entered Level 1 of the Lair of Beasts
  8675 | Lair:1   | Reached **** piety under the Shining One
  8979 | Lair:1   | Noticed a four-headed hydra
  8994 | Lair:1   | Killed a four-headed hydra
  8994 | Lair:1   | Reached XP level 11. HP: 56/67 MP: 7/11
  9292 | Lair:2   | Reached skill level 13 in Maces & Flails
  9310 | Lair:2   | Found a hole to the Spider Nest.
  9310 | Lair:2   | Noticed an orb spider
  9365 | Lair:2   | Noticed Gastronok
  9398 | Lair:2   | Killed from afar by Gastronok

Skill      XL: |  1  2  3  4  5  6  7  8  9 10 11 |
---------------+----------------------------------+-----
Maces & Flails | 3 4 5 7 9 11 12 13 | 13.1
Shields        | 4 5 6 8 |  8.7
Fighting       | 4 5 6 7 |  7.1
Armour         | 4 5 6 |  6.2
Invocations    | |  0.3

Action                   |  1- 3 |  4- 6 |  7- 9 | 10-12 || total
-------------------------+-------+-------+-------+-------++-------
Melee: Flail             |   126 |   204 |   391 |   260 ||   981
Invok: Divine Shield     |       |       |       |     1 ||     1
  Use: Scroll            |     3 |    11 |     8 |     4 ||    26
       Potion            |       |       |     3 |       ||     3
  Eat: Chunk             |       |     2 |     3 |     5 ||    10
       Ration            |       |     2 |     3 |     1 ||     6
Armor: Scale mail        |    63 |   109 |   128 |       ||   300
       Leather armour    |       |       |    43 |    16 ||    59
       Plate armour      |       |       |       |   172 ||   172
Dodge: Dodged            |    52 |    66 |   134 |    91 ||   343
Block: Shield            |    62 |   115 |   221 |   195 ||   593
